 Dungeon Crawl Stone Soup version 0.21-a0-632-g1e37ce5 (webtiles) character file.

16149 TheGoonsmith the Frost Mage (level 12, -4/91 HPs)
             Began as a Demonspawn Ice Elementalist on Dec 27, 2017.
             Was a High Priest of Dithmenos.
             Engulfed by a cloud of freezing vapour (29 damage)
             ... in an ice cave.
             The game lasted 00:36:06 (15344 turns).

TheGoonsmith the Frost Mage (DsIE)                 Turns: 15344, Time: 00:36:07

Health: -4/91      AC: 20    Str: 14    XL:     12   Next: 7%
Magic:  20/30      EV: 17    Int: 25    God:    Dithmenos [*****.]
Gold:   433        SH:  5    Dex: 16    Spells: 9/23 levels left

rFire    + . .     SeeInvis .   z - +10 war axe "Gito" {protect, Str+4 Int+7}
rCold    . . .     Gourm    .   x - +0 buckler
rNeg     . . .     Faith    .   C - +2 robe {Archmagi}
rPois    .         Spirit   .   r - +1 hat
rElec    +         Reflect  .   (no cloak)
rCorr    +         Harm     .   w - +2 pair of gloves {archery}
MR       .....                  (no boots)
Stlth    +++.......             G - amulet of magic regeneration
HPRegen  0.25/turn              E - ring of magical power
MPRegen  0.47/turn              n - ring of resist corrosion

@: icy armour, wreathed by umbra, very slow
A: horns 2, thin metallic scales 3, demonic guardian 1, fire resistance 1
a: Shadow Step, Shadow Form, Renounce Religion


You were in an ice cave.
You worshipped Dithmenos.
Dithmenos was extremely pleased with you.
You were not hungry.

You visited 2 branches of the dungeon, and saw 12 of its levels.
You also visited: Ice Cave.

You collected 538 gold pieces.
You spent 105 gold pieces at shops.

Inventory:

Hand Weapons
 f - a +0 club
 l - a +0 long sword
 z - the +10 war axe "Gito" (weapon) {protect, Str+4 Int+7}
   (You found it on level 6 of the Dungeon)

   It protects the one who uses it against injury (+AC on strike).
   It affects your strength (+4).
   It affects your intelligence (+7).
 F - the +8 whip "Snakebite" {curare, rPois}
   (You found it on level 1 of the Lair of Beasts)

   It poisons the flesh of those it strikes.
   It protects you from poison.
 I - the +6 broad axe of Dullness {speed, rF+++ MP+9 Dex-3 Stlth+, unknown}
   (You found it on level 2 of the Lair of Beasts)

   Attacks with this weapon are significantly faster.
   It affects your dexterity (-3).
   It renders you almost immune to fire.
   It affects your magic capacity (+9).
   It makes you more stealthy.
Armour
 a - a +0 robe
 d - a +0 leather armour
 r - a +1 hat (worn)
 w - a +2 pair of gloves of archery (worn)
 x - a +0 buckler (worn)
 C - a +2 robe of the Archmagi (worn)
Jewellery
 g - an uncursed ring of positive energy
 n - a ring of resist corrosion (right hand)
 u - an uncursed amulet of the gourmand
 E - a ring of magical power (left hand)
 G - an amulet of magic regeneration (around neck)
 J - the ring "Parriuw" {Wiz rN+}
   (You found it on level 2 of the Lair of Beasts)

   [ring of wizardry]

   It improves your spell success rate.
   It protects you from negative energy.
Wands
 h - a wand of iceblast (16)
 j - a wand of acid (7)
 o - a wand of enslavement (19)
 B - a wand of polymorph (11)
Scrolls
 k - 9 scrolls of remove curse
 v - a scroll of amnesia
 A - 2 scrolls of fear
 D - 3 scrolls of teleportation
Potions
 e - 5 potions of heal wounds
 i - 3 potions of magic
 m - 2 potions of mutation
 p - 5 potions of curing
 q - a potion of haste
 t - 2 potions of brilliance
 H - a potion of degeneration {unknown}
Books
 b - a book of Frost

   Spells                             Type                      Level
   a - Freeze                         Ice                          1
   b - Throw Frost                    Conjuration/Ice              2
   c - Ozocubu's Armour               Charms/Ice                   3
   d - Throw Icicle                   Conjuration/Ice              4
   e - Summon Ice Beast               Ice/Summoning                4
 y - a book of Battle

   Spells                             Type                      Level
   a - Infusion                       Charms                       1
   b - Shroud of Golubria             Charms/Translocation         2
   c - Song of Slaying                Charms                       2
   d - Spectral Weapon                Hexes/Charms                 3
   e - Regeneration                   Charms/Necromancy            3
Comestibles
 c - 9 rations


   Skills:
 - Level 7.3 Fighting
 - Level 0.4 Long Blades
 + Level 7.6 Axes
 - Level 7.0 Dodging
 - Level 6.0 Stealth
 - Level 4.6 Shields
 - Level 6.3 Spellcasting
 + Level 3.0 Conjurations
 - Level 5.0 Summonings
 + Level 8.5 Ice Magic


You had 9 spell levels left.
You knew the following spells:

 Your Spells              Type           Power        Failure   Level  Hunger
a - Freeze                Ice            ####         1%          1    None
b - Throw Frost           Conj/Ice       ######       1%          2    None
c - Ozocubu's Armour      Chrm/Ice       #####...     3%          3    None
x - Throw Icicle          Conj/Ice       ######..     6%          4    ###....
z - Summon Ice Beast      Ice/Summ       ######..     4%          4    ###....


Dungeon Overview and Level Annotations

Branches:
Dungeon (9/15)             Temple (0/1) D:4            Lair (3/6) D:9
  Swamp: Lair:2-4    Shoals: Lair:2-4     Snake: Lair:2-4    Spider: Lair:2-4
    Orc: D:9-12

Altars:
Ashenzari
Dithmenos
Elyvilon
Fedhas
Gozag
Kikubaaqudgha
Qazlal
Ru
Uskayaw
Yredelemnul

Shops:
D:7 [   D:9 }=(!

Annotations:
D:4 Madydog's ghost, amateur MiBe


Innate Abilities, Weirdness & Mutations

You have a pair of horns on your head.
You are completely covered in thin metallic scales. (AC +4, rElec)
A weak demonic guardian rushes to your aid.
Your flesh is heat resistant. (rF+)


Message History

The ice devil hits your ice beast but does no damage.
Your ice beast hits the ice devil but does no damage.
Your ice beast closely misses the ice devil.
The ice devil hits your ice beast. The ice devil freezes your ice beast.
Your ice beast completely resists.
Your ice beast hits the ice devil but does no damage.
Your ice beast misses the ice devil.
Your ice beast hits the ice devil.
Your ice beast freezes the ice devil.
The ice devil completely resists.
The ice devil hits your ice beast! The ice devil freezes your ice beast.
Your ice beast completely resists.
Your ice beast hits the ice devil but does no damage.
Your ice beast completely misses the ice devil.
Your ice beast closely misses the ice devil.
The ice devil hits your ice beast!
Your ice beast dies!
Your ice beast hits the ice devil but does no damage.
You enter the shallow water.
Moving in this stuff is going to be slow.
You are engulfed in freezing vapours.
You die...

#. ..# ##..#..##
##. ..# #..#...##
#..##.## #.......#
...#..# #...##..##
.§...# #..###...#
#§§§# ##.#.##..#
#§§§# ##....#..#
#§§§###....##..#
###§§§@##....#..##
#§§§§§§##...##..#
#§§YY§#§§##..#..##
§§§§§§4###§§####..#
§§.§§§§ #§§.###.##
.§§.§§# ##.§#..##
.§§§.. ##....#
.§...# ##..## #...#
####


You could see an ice devil and 2 friendly ice beasts.

Vanquished Creatures
  A two-headed ogre (D:8)
  The ghost of edsrzf the Cleaver, a novice HOEn of Gozag (D:6)
  4 lindwurms (Lair:2)
  The ghost of mad the Reanimator, a novice HONe (D:5)
  Psyche (D:9)
  A spiny frog (Lair:1)
  2 ice statues (IceCv)
  9 ice devils (IceCv)
  A komodo dragon (Lair:1)
  Grinder (D:6)
  A hippogriff (D:8)
  Sigmund (D:2)
  Edmund (D:4)
  A hell hound (D:9)
  12 water moccasins
  14 ice beasts
  2 porcupines
  An orc warrior (D:9)
  3 sky beasts
  A black bear (D:7)
  An eye of draining (D:8)
  A phantom (D:5)
  3 ogres
  2 crocodiles (Lair:1)
  A centaur (D:8)
  2 big kobolds
  Blork the orc (D:4)
  5 bullfrogs
  A scorpion (D:8)
  4 killer bees
  5 wights (D:6)
  An electric eel (D:7)
  4 crimson imps
  A jelly (D:6)
  3 hounds
  A centaur skeleton (D:9)
  A gnoll shaman (D:6)
  7 orc priests
  11 orc wizards
  2 bullfrog skeletons (D:5)
  2 iguanas
  Natasha (thrice) (D:2)
  3 worker ants
  9 gnolls
  2 howler monkey skeletons
  A worker ant zombie (D:6)
  10 adders
  A shadow imp (D:7)
  5 white imps (IceCv)
  5 ufetubi (IceCv)
  An adder skeleton (D:4)
  An adder zombie (D:8)
  3 worms
  2 dart slugs
  4 leopard geckos
  32 orcs
  2 ball pythons
  6 bats
  2 giant cockroaches (D:5)
  8 goblins
  7 hobgoblins
  14 jackals
  6 quokkas
  2 frilled lizards (D:2)
  13 kobolds
  A quokka skeleton (D:4)
  6 rats
  A spectral orc (D:5)
268 creatures vanquished.

Vanquished Creatures (collateral kills)
  2 hydras
  Erica (D:9)
  A two-headed ogre (D:8)
  Pikel (D:7)
  The ghost of enarc13 the Transmogrifier, a novice FeTm of Elyvilon (D:7)
  Prince Ribbit (D:6)
  A basilisk (Lair:1)
  A water moccasin (Lair:1)
  A hell hound (D:9)
  A porcupine (Lair:1)
  A slave (D:7)
  An orc warrior (D:9)
  A sky beast (D:7)
  2 centaurs (D:7)
  2 bullfrogs
  7 killer bees
  2 howler monkeys
  A bullfrog zombie (D:6)
  An orc priest (D:9)
  An orc wizard (D:7)
  An iguana (D:6)
  A worker ant (D:7)
  A gnoll (D:7)
  A shadow imp (D:7)
  An adder skeleton (D:7)
  A leopard gecko (D:7)
  8 orcs
  A quokka (D:6)
45 creatures vanquished.

Vanquished Creatures (others)
  An ogre (D:7)
  3 white imps (IceCv)
  4 ufetubi (IceCv)
8 creatures vanquished.

Grand Total: 321 creatures vanquished

Notes
Turn   | Place    | Note
-------+----------+-------------------------------------------
     0 | D:1      | TheGoonsmith the Demonspawn Ice Elementalist began the quest for the Orb.
     0 | D:1      | Reached XP level 1. HP: 13/13 MP: 3/3
   315 | D:1      | Gained mutation: You are partially covered in thin metallic scales. (AC +2) [demonic ancestry]
   315 | D:1      | Reached XP level 2. HP: 20/20 MP: 1/5
   942 | D:2      | Reached skill level 1 in Fighting
   942 | D:2      | Reached skill level 3 in Ice Magic
   942 | D:2      | Gained mutation: You have a pair of small horns on your head. [demonic ancestry]
   942 | D:2      | Reached XP level 3. HP: 18/26 MP: 0/6
  1186 | D:2      | Found a shadowy altar of Dithmenos.
  1186 | D:2      | Found a hide-covered altar of Uskayaw.
  1259 | D:2      | Became a worshipper of Dithmenos the Shadowed
  1369 | D:2      | Noticed Natasha
  1379 | D:2      | Killed Natasha
  1599 | D:2      | Gained mutation: You have a pair of horns on your head. [demonic ancestry]
  1599 | D:2      | Reached XP level 4. HP: 32/32 MP: 4/7
  1651 | D:2      | Noticed Sigmund
  1657 | D:2      | Learned a level 2 spell: Throw Frost
  1661 | D:2      | Learned a level 3 spell: Ozocubu's Armour
  1670 | D:2      | Killed Sigmund
  1670 | D:2      | Reached XP level 5. HP: 35/39 MP: 0/9
  2064 | D:2      | Noticed Natasha
  2075 | D:2      | Killed Natasha
  2075 | D:2      | Reached XP level 6. HP: 37/46 MP: 2/11
  2310 | D:2      | Noticed Natasha
  2319 | D:2      | Killed Natasha
  2319 | D:2      | Reached * piety under Dithmenos
  2754 | D:3      | Learned a level 4 spell: Summon Ice Beast
  2818 | D:3      | Reached skill level 4 in Ice Magic
  3199 | D:3      | Found a shattered altar of Ashenzari.
  3760 | D:4      | Gained mutation: You are mostly covered in thin metallic scales. (AC +3) [demonic ancestry]
  3760 | D:4      | Reached XP level 7. HP: 15/52 MP: 1/12
  4049 | D:4      | Found a staircase to the Ecumenical Temple.
  4081 | D:4      | Noticed Blork the orc
  4090 | D:4      | Killed Blork the orc
  4241 | D:4      | Found a white marble altar of Elyvilon.
  4244 | D:4      | Noticed Edmund
  4244 | D:4      | Reached ** piety under Dithmenos
  4882 | D:4      | Killed Edmund
  4882 | D:4      | Reached skill level 5 in Ice Magic
  5050 | D:4      | Noticed Madydog's ghost (amateur MiBe)
  5080 | D:5      | Entered Level 5 of the Dungeon
  5102 | D:5      | Reached skill level 5 in Spellcasting
  5102 | D:5      | Reached XP level 8. HP: 52/60 MP: 9/15
  5233 | D:5      | Found a stormy altar of Qazlal.
  5341 | D:5      | Reached skill level 6 in Ice Magic
  5371 | D:5      | Noticed mad's ghost (novice HONe)
  5389 | D:5      | Killed mad's ghost
  5389 | D:5      | Reached skill level 7 in Ice Magic
  5598 | D:5      | Reached skill level 1 in Summonings
  5853 | D:5      | Found an ancient bone altar of Kikubaaqudgha.
  5854 | D:5      | Found a blossoming altar of Fedhas.
  5921 | D:5      | Found a basalt altar of Yredelemnul.
  6048 | D:6      | Found a basalt altar of Yredelemnul.
  6056 | D:6      | Noticed Grinder
  6078 | D:6      | Gained mutation: A weak demonic guardian rushes to your aid. [demonic ancestry]
  6078 | D:6      | Reached XP level 9. HP: 65/65 MP: 12/16
  6108 | D:6      | Killed Grinder
  6392 | D:6      | Got a crude war axe
  6393 | D:6      | Identified the +10 war axe "Gito" {protect, Str+4 Int+7} (You found it on level 6 of the Dungeon)
  6413 | D:6      | Reached *** piety under Dithmenos
  6535 | D:6      | Reached skill level 5 in Summonings
  6535 | D:6      | Reached skill level 8 in Ice Magic
  6724 | D:6      | Noticed edsrzf's ghost (novice HOEn)
  6757 | D:6      | Killed edsrzf's ghost
  7063 | D:6      | Noticed Prince Ribbit
  7073 | D:6      | Killed Prince Ribbit
  7147 | D:7      | Found Usifrahu's Armour Boutique.
  7176 | D:7      | Reached **** piety under Dithmenos
  7367 | D:7      | Found a sacrificial altar of Ru.
  7422 | D:7      | Noticed enarc13's ghost (novice FeTm)
  7709 | D:7      | Killed enarc13's ghost
  7807 | D:7      | Gained mutation: Your flesh is heat resistant. (rF+) [demonic ancestry]
  7807 | D:7      | Reached XP level 10. HP: 43/71 MP: 10/19
  8269 | D:7      | Noticed Pikel
  8280 | D:7      | Killed Pikel
  8280 | D:7      | Reached skill level 5 in Axes
  8280 | D:7      | Reached skill level 5 in Dodging
  8810 | D:8      | Noticed a two-headed ogre
  8815 | D:8      | Killed a two-headed ogre
  9230 | D:8      | Found an opulent altar of Gozag.
  9287 | D:8      | Noticed a two-headed ogre
  9302 | D:8      | Killed a two-headed ogre
  9873 | D:9      | Got a crude dire flail
  9975 | D:9      | Found a staircase to the Lair.
  9982 | D:9      | Noticed Erica
 10015 | D:9      | Killed Erica
 10167 | D:9      | Found Uggakah's Antique Weapon Emporium.
 10169 | D:9      | Noticed Psyche
 10183 | D:9      | Killed Psyche
 10272 | D:9      | Reached XP level 11. HP: 57/77 MP: 6/20
 10275 | D:9      | Found Qerieb's Distillery.
 10457 | D:9      | Identified the cursed +2 dire flail of Attainder {flame, rPois} (You found it on level 9 of the Dungeon)
 10479 | D:9      | Bought a potion of brilliance for 60 gold pieces
 10479 | D:9      | Bought a potion of flight for 45 gold pieces
 10702 | D:9      | Found Oxuas's Jewellery Shoppe.
 10728 | D:9      | Found Niciluig's Gadget Emporium.
 10855 | Lair:1   | Entered Level 1 of the Lair of Beasts
 11022 | Lair:1   | Reached ***** piety under Dithmenos
 11411 | Lair:1   | Noticed a four-headed hydra
 11427 | Lair:1   | Reached skill level 5 in Stealth
 11440 | Lair:1   | Killed a five-headed hydra
 12294 | Lair:1   | Reached skill level 5 in Fighting
 12310 | Lair:1   | Found the +8 whip "Snakebite" {curare, rPois}
 12465 | Lair:2   | Noticed a lindwurm
 12481 | Lair:2   | Noticed a lindwurm
 12495 | Lair:2   | Noticed a lindwurm
 12731 | Lair:2   | Noticed a seven-headed hydra
 12740 | Lair:2   | Killed a seven-headed hydra
 13145 | Lair:2   | Noticed a lindwurm
 13153 | Lair:2   | Killed a lindwurm
 13160 | Lair:2   | Killed a lindwurm
 13173 | Lair:2   | Killed a lindwurm
 13184 | Lair:2   | Killed a lindwurm
 13401 | Lair:2   | Got a scorched broad axe
 13404 | Lair:2   | Got a scintillating glass ring
 13463 | Lair:3   | Found a frozen archway.
 13464 | Lair:3   | Identified the ring "Parriuw" {Wiz rN+} (You found it on level 2 of the Lair of Beasts)
 13562 | IceCv    | Entered an ice cave
 13568 | IceCv    | Learned a level 4 spell: Throw Icicle
 14863 | IceCv    | Gained mutation: You are completely covered in thin metallic scales. (AC +4, rElec) [demonic ancestry]
 14863 | IceCv    | Reached XP level 12. HP: 43/91 MP: 21/21
 15344 | IceCv    | Engulfed by a cloud of freezing vapour

Vault maps used:
D:1:      erik_arrival_blinker_ship
D:2:      cheibrodos_pilgrimage, gammafunk_temple_overflow_statue,
          serial_co_window_serial, co_window_paths_b,
          co_window_of_opportunity_a, co_window_corner_a, co_window_paths_b,
          co_window_corner_a, co_window_broadway_a, co_window_corner_b,
          co_window_of_opportunity_c, co_window_unsneaky_path_d,
          co_window_corner_cb, glass_columns_c, glass_columns_a,
          glass_columns_a, glass_columns_b, glass_columns_a, first_ration,
          uniq_sigmund, uniq_natasha
D:3:      ashenzari_conservatory_becter
D:4:      nicolae_overflow_hidden_temple, temple_doors_e, eino_tiny_chamber,
          uniq_crazy_yiuf_cottage, uniq_edmund, uniq_blork_the_orc
D:5:      grunt_temple_overflow_growth_and_decay,
          nicolae_overflow_crystal_walls, yredelemnul_forgotten_temple_becter,
          kennysheep_generic_room_4
D:6:      yredelemnul_altar_generic, uniq_prince_ribbit1, uniq_grinder
D:7:      statuecave_lemuel, serial_shops, shop, nicolae_ru_awakened_eye,
          uniq_pikel
D:8:      kennysheep_big_flooded_room, kennysheep_mini
D:9:      minmay_lair_entry_lava, serial_shops, nicolae_shop_behind_doors, shop,
          shop, shop, uniq_psyche, uniq_erica
Lair:1:   minmay_guarded_unrand_snakebite, grunt_megastairs_5
Lair:2:   minmay_lindwurm_lava
Lair:3:   minmay_snake_entry_six_corridors, portal_ice_cave_entry_ice_beasts
IceCv:    ice_cave_small_demon

Skill      XL: |  1  2  3  4  5  6  7  8  9 10 11 12 |
---------------+-------------------------------------+-----
Dodging        | 2 3 4 7 |  7.0
Fighting       | 1 2 3 4 7 |  7.3
Ice Magic      | 3 4 5 7 8 |  8.5
Spellcasting   | 3 5 6 |  6.3
Summonings     | 4 5 |  5.0
Axes           | 4 6 7 |  7.6
Shields        | 4 |  4.6
Stealth        | 2 6 |  6.0
Conjurations   | 2 3 |  3.0
Long Blades    | |  0.4

Action                   |  1- 3 |  4- 6 |  7- 9 | 10-12 || total
-------------------------+-------+-------+-------+-------++-------
Melee: Unarmed           |     3 |       |       |       ||     3
       Club              |    11 |       |       |       ||    11
       Long sword        |       |    73 |   152 |       ||   225
       Headbutt          |       |    12 |    37 |    73 ||   122
       War axe           |       |       |    77 |   375 ||   452
 Cast: Freeze            |    50 |    68 |    65 |       ||   183
       Ozocubu's Armour  |       |     7 |    20 |    33 ||    60
       Throw Frost       |       |     2 |     7 |     5 ||    14
       Summon Ice Beast  |       |       |    15 |    62 ||    77
  Use: Potion            |       |     2 |     1 |     6 ||     9
       Scroll            |       |     4 |    10 |     9 ||    23
 Stab: Sleeping          |       |     2 |     2 |     7 ||    11
       Distracted        |       |       |       |     8 ||     8
  Eat: Chunk             |     2 |     7 |    11 |    19 ||    39
       Ration            |       |       |     2 |     4 ||     6
Armor: Robe              |    17 |    27 |    13 |   106 ||   163
       Leather armour    |       |       |    87 |    55 ||   142
       Skin              |       |       |       |    11 ||    11
Dodge: Dodged            |    28 |   114 |   305 |   343 ||   790
Block: Buckler           |       |       |       |    91 ||    91
       Rpst.: Long sword |       |    22 |    55 |       ||    77

Table legend:
 A = Spawn XP
 B = Non-spawn XP
 C = Spawn XP percentage of total XP
 D = Spawn monster count
 E = Non-spawn monster count
 F = Spawn count percentage of total count
 G = Total turns spent on level
                    A         B        C        D         E        F      G
               +---------+---------+-------+---------+---------+-------+---------
         Total |       0 |   23070 |   0.0 |       0 |     312 |   0.0 | 15344
               +---------+---------+-------+---------+---------+-------+---------
           D:1 |       0 |      28 |   0.0 |       0 |      16 |   0.0 |  1088
           D:2 |       0 |     423 |   0.0 |       0 |      31 |   0.0 |  1629
           D:3 |       0 |     232 |   0.0 |       0 |      25 |   0.0 |  1167
           D:4 |       0 |     680 |   0.0 |       0 |      25 |   0.0 |  1196
           D:5 |       0 |    1198 |   0.0 |       0 |      16 |   0.0 |  1028
           D:6 |       0 |    2098 |   0.0 |       0 |      34 |   0.0 |  1633
           D:7 |       0 |    1611 |   0.0 |       0 |      37 |   0.0 |   830
           D:8 |       0 |    2868 |   0.0 |       0 |      30 |   0.0 |  1216
           D:9 |       0 |    2600 |   0.0 |       0 |      38 |   0.0 |  1068
        Lair:1 |       0 |    3463 |   0.0 |       0 |      23 |   0.0 |  1560
        Lair:2 |       0 |    3293 |   0.0 |       0 |       8 |   0.0 |  1048
        Lair:3 |       0 |     907 |   0.0 |       0 |       8 |   0.0 |    99
         IceCv |       0 |    3669 |   0.0 |       0 |      21 |   0.0 |  1782
               +---------+---------+-------+---------+---------+-------+---------
